 Dungeon Crawl Stone Soup version 0.31-a0-675-g238779eb0a (webtiles) character file.

Game seed: 17591880498428405479

28 Xavori the Trooper (level 2, 0/24 HPs)
             Began as a Demonspawn Chaos Knight on Sept 5, 2023.
             Was a Plaything of Xom.
             Slain by a sixfirhy (3 damage)
             ... summoned by Xom
             ... on level 1 of the Dungeon.
             The game lasted 00:01:15 (2512 turns).

Xavori the Trooper (Demonspawn Chaos Knight)        Turns: 2512, Time: 00:01:16

Health: 0/24       AC:  6    Str: 11    XL:     2   Next: 96%
Magic:  2/2        EV: 11    Int: 17    God:    Xom [....*.]
Gold:   23         SH:  0    Dex: 15    Spells: 1/1 levels left

rFire   . . .        a - +0 falchion (chaos)
rCold   . . .        (no shield)
rNeg    . . .        b - +2 leather armour
rPois   +            (no helmet)
rElec   +            j - +0 cloak
rCorr   .            (no gloves)
SInv    .            (no boots)
Will    .....        (no amulet)
Stlth   +            f - +6 ring of dexterity
HPRegen 0.24/turn    i - ring of wizardry
MPRegen 0.08/turn

%: wizardry (x1)
@: no status effects
A: demonic touch 1, clever 1, clumsy 1, poison resistance, electricity
resistance
a: Renounce Religion


You were on level 1 of the Dungeon.
You worshipped Xom.
You were a beloved toy of Xom.
You visited 1 branch of the dungeon, and saw 2 of its levels.

You collected 23 gold pieces.

Inventory:

Hand Weapons
 a - a +0 falchion of chaos (weapon)
Armour
 b - a +2 leather armour (worn)
 j - a +0 cloak (worn)
Jewellery
 f - a +6 ring of dexterity (left hand)
 i - a ring of wizardry (right hand)
Wands
 g - a wand of mindburst (5)
Scrolls
 c - a scroll of butterflies
 d - 3 scrolls of identify {unknown}
Potions
 e - a potion of curing {unknown}
 h - a potion of lignification {unknown}


   Skills:
 + Level 3.3 Fighting
 + Level 3.3 Long Blades
 + Level 2.1 Armour
 + Level 1.0 Dodging


You had one spell level left.
You didn't know any spells.
Your spell library was empty.

Dungeon Overview and Level Annotations

Branches:
Dungeon (2/15)

Altars:


Innate Abilities, Weirdness & Mutations

Your touch may inflict minor irresistible damage on your foes.
Your mind is acute. (Int +4, Str/Dex -1)
You are clumsy. (Dex -2)
Your system is resistant to poisons. (rPois)
You are resistant to electric shocks. (rElec)


Message History

Something appears at your feet!
There is a stone staircase leading down here.
You see here 6 atropa-tipped darts.
You start waiting.
You start waiting.
Done waiting.
You start waiting. "There, this looks better."
You start waiting.
You start waiting.
You start waiting.
You start waiting.
Your butterfly disappears in a puff of smoke!
You start waiting.
Your butterfly disappears in a puff of smoke! x2
You start waiting.
Your butterfly degenerates into a cloud of primal chaos!
Your butterfly is engulfed in seething chaos.
Your butterfly suddenly seems more agile.
You start waiting.
Your butterfly disappears in a puff of smoke! x9
You start waiting.
Your butterfly disappears in a puff of smoke! x2
Done waiting.
You start waiting.
Done waiting.
You start waiting. "Let's see if it's strong enough to survive yet."
There are monsters nearby!
There are monsters nearby!
There are monsters nearby!
There are monsters nearby!
There are monsters nearby!
The sixfirhy hits you! The sixfirhy shocks you. You resist.
The sixfirhy closely misses you. The sixfirhy barely misses you.
The sixfirhy hits you!
* * * LOW HITPOINT WARNING * * *
The sixfirhy shocks you. You resist.
You die... "It's all fun and games until someone loses an eye."

#####....##.##.#.#
#..#.##....#
...##..#....##.#.#
##.##.###.###
##.#...##...##.#.###..##.# #.#
#.....###.....#.........###.##
###...# ##.####......)..#....#
####...##
#.####.#.#####.#....#
#....)..#
#........#####......#
#.......#
#####3.......###....#
#.......# ##@.[....# #....#
#.......# ##......# #....#
#.......# #5.....# #....#
#.......# #......# #....###
#.......# #......# #.......
#.......# #......# #.......
#.......# ######## ####....
######### #.... #....


You could see a sixfirhy (summoned) and an iron imp (summoned).

Vanquished Creatures
  4 bats (D:1)
  2 endoplasms (D:1)
  2 giant cockroaches (D:1)
  2 goblins (D:1)
  4 hobgoblins (D:1)
  3 jackals (D:1)
  2 kobolds (D:1)
  A quokka (D:1)
  A ball python (D:1)
  2 frilled lizards (D:1)
  A rat (D:1)
24 creatures vanquished.

Notes
Turn   | Place    | Note
-------+----------+-------------------------------------------
     0 | D:1      | Xavori the Demonspawn Chaos Knight began the quest for the
                  | Orb.
     0 | D:1      | Reached XP level 1. HP: 18/18 MP: 1/1
   390 | D:1      | Gained mutation: Your touch may inflict minor irresistible
                  | damage on your foes. [demonic ancestry]
   390 | D:1      | Reached XP level 2. HP: 17/24 MP: 2/2
   536 | D:1      | XOM: silly message
   551 | D:1      | XOM: god gift: runed copper wand {god gift}
   583 | D:1      | XOM: summons 3 hostile shadow creatures
   641 | D:1      | XOM: blink monster(s)
   751 | D:1      | Reached skill level 1 in Dodging
   936 | D:1      | Found a faded altar of an unknown god.
  1322 | D:1      | XOM is BORED!
  1322 | D:1      | XOM: give mutations
  1322 | D:1      | Gained mutation: You are resistant to electric shocks.
                  | (rElec) [Xom's mischief]
  1322 | D:1      | Gained mutation: Your mind is acute. (Int +4, Str/Dex -1)
                  | [Xom's mischief]
  1322 | D:1      | Gained mutation: Your system is resistant to poisons.
                  | (rPois) [Xom's mischief]
  1322 | D:1      | Gained mutation: You are clumsy. (Dex -2) [Xom's mischief]
  1939 | D:1      | XOM: god gift: 6 atropa-tipped darts
  2195 | D:1      | XOM: scenery: summon butterflies
  2511 | D:1      | XOM: summons 2 hostile demons
  2512 | D:1      | Noticed a sixfirhy
  2512 | D:1      | Slain by a sixfirhy

Illustrated notes

Levels and vault maps discovered:
D:1:      grunt_arrival_crossed_arrows, layout_basic,
          shapermc_ecumenical_altar_mp_vishouse, minmay_tromino_mix6
D:2:      layout_rooms, serial_shops, nicolae_shop_rolling_square

Skill      XL: |  1  2 |
---------------+-------+-----
Long Blades    | 3 |  3.3
Armour         | 2 |  2.1
Dodging        | 1 |  1.0
Fighting       | |  3.3

Action                     || total
---------------------------++-------
  Melee: Falchion          ||    62
         Touch             ||     4
 Armour: Leather armour    ||    49
  Dodge: Dodged            ||    43

Table legend: (Time is in decaauts)
 A = Elapsed time spent in this place.
 B = Non-inter-level travel time spent in this place.
 C = Inter-level travel time spent in this place.
 D = Time resting spent in this place.
 E = Time spent auto-exploring this place.
 F = Levels seen in this place.
 G = Mean time per level.
                   A        B        C        D        E       F      G
               +--------+--------+--------+--------+--------+-----+--------+
         Total |   2520 |   2478 |     42 |   1777 |    546 |   2 | 1260.0 |
       Dungeon |   2520 |   2478 |     42 |   1777 |    546 |   2 | 1260.0 |
               +--------+--------+--------+--------+--------+-----+--------+

Top non-repeatable levels by time:
     D:1: 2518 daAuts
     D:2: 1 daAuts
